 Dungeon Crawl Stone Soup version 0.31-a0-1-g4198be8af4 (webtiles) character file.

Game seed: 16684458535480979759

206719 kuyyie the Peltast (level 18, -1/111 HPs)
             Began as a Gargoyle Fighter on Apr 27, 2023.
             Was the Champion of Hepliaklqana.
             Collided with a water nymph (18 damage)
             ... caused by a merfolk aquamancer
             ... on level 4 of the Shoals on May 1, 2023.
             The game lasted 04:02:29 (36328 turns).

kuyyie the Peltast (Gargoyle Fighter)              Turns: 36328, Time: 04:02:29

Health: -1/111     AC: 44    Str: 37    XL:     18   Next: 72%
Magic:  25/25      EV:  9    Int:  9    God:    Hepliaklqana [******]
Gold:   1454       SH: 15    Dex:  9    Spells: 17/17 levels left

rFire   . . .        a - +1 morningstar (protect)
rCold   + . .        S - +2 buckler {AC+3}
rNeg    + . .        v - +0 crystal plate armour {rC+}
rPois   ∞            J - +1 helmet {SInv}
rElec   +            u - +0 cloak
rCorr   .            p - +2 pair of gloves {Str+3}
SInv    +            (no boots)
Will    ++...        h - amulet of reflection Stlth
                     i - +6 ring of strength
HPRegen 0.38/turn    V - ring of willpower
MPRegen 0.19/turn

%: reflection
@: flying
A: reduced essence, sickness immunity, AC +13, big wings, negative energy
resistance 1, electricity resistance, torment resistance 1, petrification
resistance, mutation resistance 1
}: 1/15 runes: gossamer
a: Renounce Religion, Recall Ancestor, Ancestor Identity, Transference, Idealise


You were on level 4 of the Shoals.
You worshipped Hepliaklqana.
Hepliaklqana was exalted by your worship.
You visited 6 branches of the dungeon, and saw 31 of its levels.
You also visited: Gauntlet and Ice Cave.

You collected 2942 gold pieces.
You spent 1488 gold pieces at shops.

Inventory:

Hand Weapons
 a - a +1 morningstar of protection (weapon)
 b - a +5 flail of holy wrath
 U - the +8 short sword "Eritae" {drain, +Blink rN+}
   (You found it in a Gauntlet)

   rN:        It protects you from negative energy.
   +Blink:    It lets you blink.
Armour
 p - a +2 pair of gloves of strength (worn)
 u - a +0 cloak (worn)
 v - a +0 crystal plate armour of cold resistance (worn)
 J - a +1 helmet of see invisible (worn)
 Q - the +0 pair of gloves of Iluwu {rC+}
   (You found it in a Gauntlet)

   rC:        It protects you from cold.
 S - a +2 buckler of protection (worn)
Jewellery
 h - an amulet of reflection (around neck)
 i - a +6 ring of strength (left hand)
 k - a +4 ring of protection
 r - a ring of protection from fire
 w - a +5 ring of evasion
 G - the ring "Luallic" {Wiz rF+ Str+3}
   (You found it in a Gauntlet)

   [ring of wizardry]

   It improves your spell success rate.
   Str:       It affects your strength (+3).
   rF:        It protects you from fire.
 L - a ring of resist corrosion
 V - a ring of willpower (right hand)
 W - a ring of positive energy
 X - an amulet of regeneration
Wands
 d - a wand of polymorph (11)
 m - a wand of digging (7)
 s - a wand of paralysis (5)
 y - a wand of flame (5)
 C - a wand of iceblast (21)
 R - a wand of mindburst (5)
Scrolls
 n - 10 scrolls of teleportation
 o - 3 scrolls of magic mapping
 q - 4 scrolls of fog
 x - 6 scrolls of poison
 B - 2 scrolls of enchant weapon
 I - a scroll of brand weapon
 K - 3 scrolls of silence
 N - 3 scrolls of enchant armour
 O - a scroll of butterflies
 P - 7 scrolls of fear
 T - 5 scrolls of identify
Potions
 c - 7 potions of heal wounds
 e - 4 potions of invisibility
 f - 5 potions of ambrosia
 g - 4 potions of mutation
 l - 7 potions of attraction
 t - 2 potions of flight {unknown}
 z - 14 potions of curing
 A - 11 potions of haste
 D - 2 potions of resistance
 E - 4 potions of might
 F - 5 potions of cancellation
 H - 3 potions of magic
 Y - a potion of berserk rage
Miscellaneous
 j - a box of beasts
 Z - a lightning rod (4/4)


   Skills:
 + Level 17.5 Fighting
 - Level 16.0 Maces & Flails
 - Level 10.7 Armour
 + Level 7.6 Dodging
 + Level 18.8 Shields
 - Level 10.0 Invocations
 - Level 10.0 Evocations


You had 17 spell levels left.
You didn't know any spells.
Your spell library contained the following spells:

 Spells                   Type           Power      Damage    Failure   Level
 Beastly Appendage        Tmut           0%         N/A       99%         1
 Magic Dart               Conj           0%         1d3       99%         1
 Slow                     Hex            0%         N/A       99%         1
 Summon Small Mammal      Summ           0%         N/A       99%         1
 Blink                    Tloc           0%         N/A       100%        2
 Lesser Beckoning         Tloc           0%         N/A       100%        2
 Scorch                   Fire           0%         2d5       100%        2
 Searing Ray              Conj           0%         2d4       100%        2
 Static Discharge         Conj/Air       0%         2-2/arc   100%        2
 Wereblood                Tmut           0%         N/A       100%        2
 Call Canine Familiar     Summ           0%         N/A       100%        3
 Confusing Touch          Hex            0%         N/A       100%        3
 Dazzling Flash           Conj/Hex       0%         N/A       100%        3
 Frozen Ramparts          Ice            0%         1d1       100%        3
 Gell's Gravitas          Tloc           0%         N/A       100%        3
 Spider Form              Tmut/Pois      0%         N/A       100%        3
 Summon Guardian Golem    Hex/Summ       0%         N/A       100%        3
 Teleport Other           Tloc           0%         N/A       100%        3
 Vampiric Draining        Necr           0%         2d6       100%        3
 Volatile Blastmotes      Fire/Tloc      0%         2d10      100%        3
 Flame Wave               Conj/Fire      0%         2d4       100%        4
 Fulminant Prism          Conj/Hex       0%         3d5       100%        4
 Ice Form                 Ice/Tmut       0%         N/A       100%        4
 Iskenderun's Mystic Bla  Conj/Tloc      0%         2d3       100%        4
 Manifold Assault         Tloc           0%         N/A       100%        4
 Summon Ice Beast         Ice/Summ       0%         N/A       100%        4
 Alistair's Intoxication  Tmut/Pois      0%         N/A       100%        5
 Borgnjor's Vile Clutch   Necr/Erth      0%         N/A       100%        5
 Summon Forest            Summ/Tloc      0%         N/A       100%        5
 Conjure Ball Lightning   Conj/Air       0%         3x3d6     100%        6
 Eringya's Noxious Bog    Tmut/Pois      0%         N/A       100%        6
 Starburst                Conj/Fire      0%         6d3       100%        6
 Summon Cactus Giant      Summ           0%         N/A       100%        6
 Orb of Destruction       Conj           0%         9d5       100%        7
 Spellforged Servitor     Conj/Summ      0%         N/A       100%        7
 Storm Form               Tmut/Air       0%         N/A       100%        7
 Fire Storm               Conj/Fire      0%         5d1       100%        9


Dungeon Overview and Level Annotations

Branches:
Dungeon (15/15)            Temple (1/1) D:7            Lair (5/5) D:8
 Shoals (4/4) Lair:3       Spider (4/4) Lair:3        Slime (0/5) Lair:5
    Orc (2/2) D:11            Elf (0/3) Orc:2        Vaults (0/5) D:13
 Depths (0/4) D:15          IceCv (visited)         Gauntlet (visited)

Altars:
Ashenzari
Cheibriados
Dithmenos
Elyvilon
Fedhas
Gozag
Hepliaklqana
Kikubaaqudgha
Makhleb
Nemelex Xobeh
Okawaru
Qazlal
Ru
Sif Muna
Trog
Uskayaw
Vehumet
Wu Jian
Xom
Yredelemnul
Zin
The Shining One
Jiyva

Shops:
D:1 [   D:6 !   D:8 (   D:9 *   D:14 *:   Orc:1 (   Orc:2 (*=[*

Annotations:
D:12 1 runed translucent door, cheesebisquit's ghost, journeyman MfIE
D:14 3 runed translucent doors, Demosthentine's ghost, journeyman DsGl


Innate Abilities, Weirdness & Mutations

Your life essence is reduced to manifest your ancestor. (-10% HP)
You are immune to sickness and miasma.
Your stone body is resilient. (AC +13)
You are immune to poison.
Your large and strong wings let you fly.
You resist negative energy. (rN+)
You are resistant to electric shocks. (rElec)
You are resistant to unholy torment.
You are immune to petrification.
You are somewhat resistant to further mutation.


Message History

You are knocked back by the gust of wind.
You slam into the stone wall!
The sea snake is knocked back by the gust of wind.
The sea snake slams into the stone wall!
The sea snake is almost dead.
Aiming: Throw Flame
Press: ? - help, Shift-Dir - straight line, f - merfolk, p - merfolk aquamancer
Aim: a merfolk, wielding a +0 spear and quivering 3 throwing nets (lightly wounded, 72% to hit)
The puff of flame hits the sea snake!
You kill the sea snake!
The wind drake flaps its wings at you. The air twists around and strikes you.
The merfolk aquamancer barely misses you.
You miss the merfolk aquamancer.
The merfolk aquamancer is severely wounded.
The wind drake flaps its wings at you. The air twists around and strikes you!
The merfolk impaler closely misses you.
You block the merfolk aquamancer's attack.
You barely miss the merfolk aquamancer.
The merfolk aquamancer is severely wounded.
The wind drake flaps its wings at you. The air twists around and strikes you!
The merfolk impaler closely misses you. The water nymph casts a spell at you.
The water rises up and strikes you!!
* * * LOW HITPOINT WARNING * * *
The merfolk impaler barely misses you.
The merfolk aquamancer hits you but does no damage.
A merfolk comes into view. It is wielding a +0 trident.
The wind drake flaps its wings at you. The air twists around and strikes you!
* * * LOW HITPOINT WARNING * * *
The water nymph flows with the water.
The water nymph's watery aura covers the open door.
The merfolk aquamancer gestures at you while chanting.
The torrent of water hits you.
* * * LOW HITPOINT WARNING * * *
You are knocked back by the torrent of water.
You collide with the water nymph!
The water nymph is severely wounded.
You die...

#####################
...~~~)~m~~~~m...)))######
..~~m.~†~cmm†mkm)).).....#
###.m##########m.(#####..#
....~§ #..##~~~##.#
c~~~m~~ #.@#~~~~~#.#
~~.~~#m~ #..m~~<~~#.##
.~~~S~### #..#~~~~~#.P#
~~~#.~ #..##~~~##.P#
#~~~~~ #..P#####...#
#...........#
##P..).....P# #########..#
#..#


You could see a merfolk impaler, a merfolk aquamancer, a wind drake (repels
missiles), a merfolk and a water nymph.

Vanquished Creatures
  A kraken (Shoals:1)
  2 emperor scorpions (Spider:3)
  2 ghost moths
  A stone giant (D:15)
  An orc warlord (Orc:2)
  5 broodmothers
  The ghost of Velatus the Severer, a journeyman MiFi of Okawaru (Lair:4)
  Nessos (Lair:5)
  2 minotaurs
  3 merfolk impalers
  Josephine (Lair:4)
  3 merfolk javelineers
  4 entropy weavers
  The ghost of Irudwodgh the Devastator, a journeyman DsCj of Gozag (Lair:4)
  4 vault guards (D:13)
  3 hydras
  2 jorogumos
  2 merfolk avatars
  4 merfolk aquamancers
  2 catoblepae
  7 centaur warriors
  2 satyrs (Shoals:3)
  2 boulder beetles
  An alligator snapping turtle (Shoals:3)
  A radroach (Spider:3)
  2 tengu warriors (D:15)
  4 orc high priests
  2 sun demons (D:13)
  Sonja (Lair:5)
  A soul eater (D:14)
  4 pharaoh ants
  2 skysharks (Shoals:1)
  4 skeletal warriors (D:12)
  A sixfirhy (D:14)
  A sun moth (Spider:3)
  A death drake (shapeshifter) (D:13)
  A glowing orange brain (Gauntlet)
  A deep elf archer (D:13)
  2 wizards
  8 sea snakes
  A bog body (IceCv)
  Pikel (D:6)
  7 steelbarb worms
  6 orb spiders
  3 orc sorcerers (Orc:1)
  2 orc knights (Orc:1)
  A necromancer (IceCv)
  21 wolf spiders
  6 harpies
  4 manticores
  A moth of wrath (Spider:3)
  8 ugly things
  7 fauns
  An oklob plant (Lair:3)
  Maurice (D:11)
  5 cyclopes
  12 elephants
  3 ice statues
  4 water nymphs
  A black mamba (Lair:5)
  4 torpor snails
  7 merfolk sirens
  2 rust devils (D:14)
  8 demonic crawlers
  A rime drake (Gauntlet)
  A gargoyle (D:12)
  5 komodo dragons
  10 cane toads
  An unseen horror (D:12)
  A yaktaur (D:13)
  3 tengu conjurers
  A freezing wraith (IceCv)
  3 ice devils (IceCv)
  A red devil (D:14)
  4 anaconda simulacra (IceCv)
  15 merfolk
  4 trolls
  8 wind drakes
  4 polar bears (Lair:5)
  9 meliai
  4 hornets (Lair:5)
  15 tarantellas
  6 snapping turtles
  Prince Ribbit (D:7)
  7 slime creatures
  7 dream sheep
  18 jumping spiders
  3 dire elephant simulacra (IceCv)
  12 culicivoras
  A vampire (D:10)
  7 spriggans (Lair:5)
  5 wraiths
  An air elemental (Shoals:4)
  A human (D:13)
  A shadow (D:12)
  8 basilisks
  29 yaks
  7 water elementals
  4 wyverns
  A death yak simulacrum (IceCv)
  Grum (D:8)
  A fire bat (Lair:4)
  3 vampire mosquitoes (D:12)
  27 redbacks
  Edmund (D:5)
  2 wargs (Orc:1)
  2 acid dragons
  2 swamp worms (D:9)
  A harpy simulacrum (IceCv)
  2 hydra simulacra (IceCv)
  5 water moccasins
  17 orc warriors
  2 sky beasts
  3 black bears
  An ice beast (D:5)
  16 wolves
  2 ogres
  2 boggarts (Lair:5)
  18 centaurs
  3 hexers
  A kobold brigand (D:9)
  2 lemures (D:6)
  9 bullfrogs
  2 scorpions
  A gnoll sergeant (D:9)
  5 wights (D:7)
  8 killer bees
  2 howler monkeys
  5 jellies
  A hound (D:7)
  9 orc priests
  2 sleepcaps
  A gnoll bouda (D:8)
  An iguana (D:4)
  Ijyb (D:5)
  9 orc wizards
  A troll simulacrum (IceCv)
  A polar bear simulacrum (IceCv)
  4 adders
  8 gnolls
  9 white imps
  An ufetubus (IceCv)
  2 worms
  A dart slug (D:2)
  32 orcs
  6 bats
  A bat skeleton (D:2)
  5 endoplasms
  4 giant cockroaches
  9 goblins
  8 hobgoblins
  4 jackals (D:3)
  6 quokkas
  8 ball pythons
  3 ball python skeletons (D:2)
  A ball python zombie (D:2)
  5 frilled lizards
  8 kobolds
  A quokka zombie (D:2)
  6 rats
722 creatures vanquished.

Vanquished Creatures (collateral kills)
  Agnes (Spider:1)
  A ghost moth (Lair:3)
  2 broodmothers (Spider:4)
  2 spark wasps
  2 merfolk impalers (Shoals:2)
  A fire dragon (D:15)
  2 hydras
  2 entropy weavers (Spider:4)
  An ogre mage (D:13)
  Erica (D:8)
  A jorogumo (Spider:4)
  A centaur warrior (D:13)
  A merfolk aquamancer (Shoals:2)
  2 satyrs
  2 merfolk avatars
  A tengu warrior (D:13)
  An orc high priest (Orc:2)
  3 sea snakes
  A steelbarb worm (Spider:3)
  3 orb spiders
  A deep elf pyromancer (D:12)
  A wizard (D:14)
  A glowing orange brain (Gauntlet)
  2 orc knights
  2 harpies
  4 wolf spiders
  An orc sorcerer (Orc:1)
  A moth of wrath (Spider:4)
  5 elephants
  6 fauns
  2 merfolk sirens
  Joseph (D:10)
  A rust devil (D:14)
  A water nymph (Shoals:2)
  2 demonic crawlers
  2 black mambas
  A gargoyle (D:12)
  5 cane toads
  4 torpor snails
  An unseen horror (D:7)
  2 komodo dragons
  Psyche (D:10)
  A rime drake (Gauntlet)
  4 ice devils
  6 merfolk
  2 trolls (Orc:1)
  2 polar bears (Lair:5)
  A hornet (Lair:5)
  2 wind drakes
  5 tarantellas
  3 blink frogs (Lair:1)
  3 dream sheep
  2 snapping turtles
  8 jumping spiders
  4 slime creatures
  2 shadows
  3 water elementals (Shoals:4)
  7 spriggans (Lair:5)
  19 yaks
  A ynoxinul (D:14)
  9 culicivoras
  The ghost of Darkkill the Shooter, an amateur MiHu (D:3)
  2 fire bats (Lair:4)
  3 wraiths (Lair:4)
  A basilisk (Lair:1)
  8 redbacks
  2 vampire mosquitoes (D:9)
  10 water moccasins
  5 orc warriors
  8 wolves (Lair:5)
  5 ogres
  A boggart (Lair:5)
  3 centaurs
  A kobold brigand (D:11)
  4 bullfrogs
  6 killer bees
  2 howler monkeys (D:9)
  2 electric eels
  2 crimson imps
  2 orc priests (Orc:1)
  6 orc wizards
  2 gnolls
  A naga simulacrum (IceCv)
  6 white imps
  6 orcs
  A bat (Shoals:3)
  A giant cockroach (D:3)
  7 kobolds
260 creatures vanquished.

Vanquished Creatures (others)
  A centaur (D:11)
  A kobold brigand (D:8)
  32 hexers
  2 ancestors (D:9)
  A gnoll (D:6)
  An orc (D:8)
  A kobold (D:9)
  6 demonic plants (D:14)
  18 fungi
  60 plants
  6 tentacles (Shoals:1)
  9 withered plants
138 creatures vanquished.

Grand Total: 1120 creatures vanquished

Notes
Turn   | Place    | Note
-------+----------+-------------------------------------------
     0 | D:1      | kuyyie the Gargoyle Fighter began the quest for the Orb.
     0 | D:1      | Reached XP level 1. HP: 14/14 MP: 1/1
   138 | D:1      | Found Fasa Qem's Antique Armour Shoppe.
   209 | D:1      | Reached XP level 2. HP: 17/19 MP: 2/2
   237 | D:1      | Found a faded altar of an unknown god.
   825 | D:2      | Reached XP level 3. HP: 23/23 MP: 3/3
  1244 | D:2      | Reached XP level 4. HP: 29/29 MP: 4/4
  1548 | D:3      | Identified the +0 chain mail of the Tormentor {-Tele Harm
                  | rC++ MP+9}
  1576 | D:3      | Found an iron altar of Okawaru.
  1628 | D:3      | Found a sacrificial altar of Ru.
  1766 | D:3      | Reached skill level 4 in Shields
  1912 | D:3      | Found a runed translucent door.
  1915 | D:3      | Noticed Darkkill's ghost (amateur MiHu)
  2037 | D:3      | Found a runed translucent door.
  2199 | D:3      | Reached XP level 5. HP: 21/33 MP: 5/5
  2305 | D:4      | Found a hide-covered altar of Uskayaw.
  3294 | D:5      | Entered Level 5 of the Dungeon
  3297 | D:5      | Noticed Ijyb
  3308 | D:5      | Killed Ijyb
  3309 | D:5      | Reached XP level 6. HP: 37/39 MP: 6/6
  3432 | D:5      | Noticed an ice beast
  3628 | D:5      | Killed an ice beast
  3629 | D:5      | Reached skill level 5 in Fighting
  3629 | D:5      | Reached skill level 5 in Armour
  3666 | D:5      | Reached skill level 5 in Shields
  3666 | D:5      | Reached XP level 7. HP: 41/44 MP: 7/7
  3715 | D:5      | Noticed Edmund
  3740 | D:5      | Killed Edmund
  4090 | D:6      | Found an ancient bone altar of Kikubaaqudgha.
  4222 | D:6      | Found Tefoyrr's Distillery.
  4230 | D:6      | Bought a potion of heal wounds for 70 gold pieces
  4230 | D:6      | Bought a potion of curing for 42 gold pieces
  4230 | D:6      | Bought a potion of haste for 140 gold pieces
  4484 | D:6      | Reached XP level 8. HP: 36/51 MP: 8/8
  4795 | D:6      | Noticed Pikel
  4804 | D:6      | Killed Pikel
  4805 | D:6      | Reached skill level 5 in Maces & Flails
  4805 | D:6      | Reached skill level 6 in Shields
  5018 | D:6      | Upgraded the game from 0.30-a0-1161-g0704695555 to
                  | 0.30-a0-1164-ge08a67761e
  5022 | D:7      | Found a staircase to the Ecumenical Temple.
  5037 | Temple   | Entered the Ecumenical Temple
  5214 | Temple   | Became a worshipper of Hepliaklqana the Forgotten
  5559 | D:7      | Noticed a cyclops
  5570 | D:7      | Killed a cyclops
  5571 | D:7      | Reached skill level 7 in Shields
  5571 | D:7      | Reached XP level 9. HP: 29/57 MP: 9/9
  5701 | D:7      | Noticed Prince Ribbit
  5718 | D:7      | Killed Prince Ribbit
  6429 | D:8      | Noticed Erica
  6429 | D:8      | Noticed Grum
  6635 | D:8      | Reached * piety under Hepliaklqana
  6635 | D:8      | Found a staircase to the Lair.
  6661 | D:7      | Reached skill level 1 in Evocations
  6679 | D:7      | Killed an unseen horror
  6680 | D:7      | Reached skill level 8 in Shields
  6845 | D:8      | Reached XP level 10. HP: 57/57 MP: 10/10
  6873 | D:8      | Killed Erica
  6911 | D:8      | Killed Grum
  6990 | D:8      | Found Qazicoyc's Firing Range.
  7375 | D:9      | Identified the +5 chain mail of the Ward {Int+2}
  7477 | D:9      | Found Cywidd's Assorted Antiques.
  7501 | D:9      | Reached skill level 9 in Shields
  8214 | D:9      | Reached ** piety under Hepliaklqana
  8332 | D:9      | Remembered your ancestor Chakide as a hexer
  8363 | D:10     | Entered Level 10 of the Dungeon
  8364 | D:10     | Noticed Joseph
  8374 | D:10     | Killed Joseph
  8381 | D:10     | Reached XP level 11. HP: 53/61 MP: 11/11
  8632 | D:10     | Reached skill level 10 in Armour
  8632 | D:10     | Reached skill level 10 in Shields
  8632 | D:10     | Reached skill level 5 in Evocations
  8942 | D:10     | Noticed Psyche
  8946 | D:10     | Found a radiant altar of Vehumet.
  8953 | D:10     | Killed Psyche
  9198 | D:11     | Noticed a cyclops
  9209 | D:11     | Killed a cyclops
  9250 | D:11     | Noticed Maurice
  9262 | D:11     | Killed Maurice
  9514 | D:11     | Found a staircase to the Orcish Mines.
 10098 | D:8      | Upgraded the game from 0.30-a0-1164-ge08a67761e to
                  | 0.31-a0-1-g4198be8af4
 10099 | Lair:1   | Entered Level 1 of the Lair of Beasts
 10238 | Lair:1   | Reached skill level 11 in Shields
 10238 | Lair:1   | Reached XP level 12. HP: 33/66 MP: 12/12
 10309 | Lair:1   | Reached skill level 10 in Maces & Flails
 10405 | Lair:1   | Found a gate leading to a gauntlet.
 10415 | Gauntlet | Entered a Gauntlet
 10415 | Gauntlet | Found a transporter.
 10422 | Gauntlet | Found a transporter.
 10424 | Gauntlet | Found a transporter.
 10441 | Gauntlet | Found a transporter.
 10442 | Gauntlet | Found a transporter.
 10460 | Gauntlet | Found a transporter.
 10464 | Gauntlet | Noticed a death yak
 10466 | Gauntlet | Noticed a death yak
 10467 | Gauntlet | Found a transporter.
 10467 | Gauntlet | Noticed a death yak
 10469 | Gauntlet | Noticed a death yak
 10473 | Gauntlet | Found a transporter.
 10489 | Gauntlet | Found a transporter.
 10497 | Gauntlet | Found a transporter.
 10503 | Gauntlet | Found a runed translucent door.
 10504 | Gauntlet | Found a transporter.
 10505 | Gauntlet | Found a runed translucent door.
 10506 | Gauntlet | Found a transporter.
 10530 | Gauntlet | Found a transporter.
 10568 | Gauntlet | Found a transporter.
 10652 | Gauntlet | Identified the +1 robe of the Hanged Man {Will- Str+3
                  | Int+2}
 10817 | Gauntlet | Identified the ring "Luallic" {Wiz rF+ Str+3}
 10858 | Gauntlet | Noticed a tengu warrior
 10887 | Gauntlet | Identified the +0 pair of gloves of Iluwu {rC+}
 10914 | Gauntlet | Noticed a minotaur
 10926 | Gauntlet | Killed a minotaur
 10973 | Gauntlet | Identified the +1 troll leather armour of Fun and Games
                  | {Regen+ Str+2}
 10974 | Gauntlet | Got the Compendium of Heresy
 10979 | Gauntlet | Identified the +8 short sword "Eritae" {drain, +Blink rN+}
 10981 | Gauntlet | Identified the +3 ring mail "Laefuv" {Str+5 Dex+2}
 11351 | Lair:1   | Reached *** piety under Hepliaklqana
 12036 | Lair:2   | Noticed an eight-headed hydra
 12037 | Lair:2   | Reached skill level 12 in Shields
 12044 | Lair:2   | Killed an eight-headed hydra
 12074 | Lair:2   | Found a frozen archway.
 12127 | IceCv    | Entered an ice cave
 12222 | IceCv    | Reached XP level 13. HP: 66/73 MP: 13/13
 12338 | IceCv    | Reached skill level 10 in Fighting
 13496 | Lair:3   | Found a staircase to the Shoals.
 13553 | Lair:3   | Reached skill level 13 in Shields
 13642 | Lair:3   | Reached **** piety under Hepliaklqana
 13743 | Lair:3   | Found a hole to the Spider Nest.
 14259 | Lair:4   | Noticed Josephine
 14271 | Lair:4   | Killed Josephine
 14272 | Lair:4   | Reached skill level 1 in Invocations
 14297 | Lair:4   | Found a runed translucent gate.
 14297 | Lair:4   | Found a runed translucent gate.
 14297 | Lair:4   | Found a runed translucent gate.
 14297 | Lair:4   | Noticed Irudwodgh's ghost (journeyman DsCj)
 14298 | Lair:4   | Noticed Velatus's ghost (journeyman MiFi)
 14440 | Lair:4   | Gained mutation: Your large and strong wings let you fly.
                  | [Gargoyle growth]
 14440 | Lair:4   | Reached XP level 14. HP: 76/81 MP: 15/15
 15157 | Lair:3   | Reached ***** piety under Hepliaklqana
 15247 | Lair:5   | Entered Level 5 of the Lair of Beasts
 15383 | Lair:5   | Noticed Sonja
 15393 | Lair:5   | Killed Sonja
 15416 | Lair:5   | Noticed Nessos
 15431 | Lair:5   | Killed Nessos
 15796 | Lair:5   | Found a viscous altar of Jiyva.
 15797 | Lair:5   | Found a staircase to the Slime Pits.
 15850 | Lair:5   | Reached skill level 14 in Shields
 15902 | Lair:5   | Reached skill level 10 in Evocations
 16052 | Lair:5   | Reached skill level 5 in Invocations
 17469 | D:12     | Found a runed translucent door.
 17470 | D:12     | Noticed cheesebisquit's ghost (journeyman MfIE)
 18028 | D:12     | Reached XP level 15. HP: 48/87 MP: 19/19
 18458 | Orc:1    | Entered Level 1 of the Orcish Mines
 18458 | Orc:1    | Found Ahase's Antique Weapon Boutique.
 18501 | Orc:1    | Bought a runed morningstar for 196 gold pieces
 18572 | Orc:2    | Entered Level 2 of the Orcish Mines
 18581 | Orc:2    | Noticed an orc warlord
 18621 | Orc:2    | Found Paefuf's Antique Weapon Shop.
 19928 | Orc:2    | Gained mutation: You are weak. (Str -2) [a neqoxec]
 19933 | Orc:2    | Gained mutation: You are frail. (-10% HP) [a neqoxec]
 19967 | Orc:2    | Killed an orc warlord
 19997 | Orc:2    | Found Ifupaypoi's Jewellery Shoppe.
 20216 | Orc:2    | Reached ****** piety under Hepliaklqana
 20325 | Orc:2    | Found Ylafoul's Antique Armour Shop.
 20351 | Orc:2    | Found a staircase to the Elven Halls.
 20389 | Orc:2    | Found Ylixt's Assorted Antiques.
 20400 | Orc:2    | Bought a potion of heal wounds for 140 gold pieces
 20400 | Orc:2    | Bought a scroll of identify for 56 gold pieces
 20608 | Orc:2    | Found Reucloco's General Store.
 20616 | Orc:2    | Bought a potion of might for 68 gold pieces
 20616 | Orc:2    | Bought a scroll of identify for 34 gold pieces
 20923 | Orc:2    | Bought a potion of might for 112 gold pieces
 20923 | Orc:2    | Bought a scroll labelled KICZOL VUVI for 28 gold pieces
 20923 | Orc:2    | Bought a shiny helmet for 210 gold pieces
 20971 | Orc:2    | Bought a ring of resist corrosion for 360 gold pieces
 21006 | D:11     | Lost mutation: You are frail. (-10% HP) [potion of
                  | mutation]
 21006 | D:11     | Lost mutation: You are weak. (Str -2) [potion of mutation]
 21006 | D:11     | Gained mutation: You are somewhat resistant to further
                  | mutation. [potion of mutation]
 21237 | D:13     | Identified the +5 ice dragon scales "Foirek" {*Corrode rF-
                  | rC++ Int+3 Dex+3}
 21279 | D:13     | Reached skill level 15 in Shields
 21976 | D:13     | Found a gate to the Vaults.
 22596 | D:13     | You are sucked into a shaft and drop 1 floor!
 22691 | D:14     | Found Soclam Ibu's General Store.
 22696 | D:14     | Bought a scroll of identify for 32 gold pieces
 23528 | D:14     | Found Misuzu's Book Boutique.
 23607 | D:14     | Found a runed translucent gate.
 23608 | D:14     | Noticed Demosthentine's ghost (journeyman DsGl)
 23608 | D:14     | Found a runed translucent gate.
 23609 | D:14     | Found a runed translucent gate.
 23610 | D:14     | Noticed an orc warlord
 23681 | D:14     | Reached XP level 16. HP: 95/95 MP: 22/22
 23820 | D:15     | Entered Level 15 of the Dungeon
 23919 | D:15     | Found a burning altar of Makhleb.
 24099 | D:15     | Found a staircase to the Depths.
 24125 | D:15     | Found a shimmering altar of Xom.
 24129 | D:15     | Found a shimmering altar of Xom.
 24130 | D:15     | Found a shimmering altar of Xom.
 24131 | D:15     | Found a shimmering altar of Xom.
 24848 | D:3      | Killed Darkkill's ghost
 25084 | Lair:4   | Killed Velatus's ghost
 25088 | Lair:4   | Killed Irudwodgh's ghost
 25174 | Spider:1 | Entered Level 1 of the Spider Nest
 25569 | Lair:3   | Reached skill level 16 in Shields
 26410 | Spider:1 | Noticed Agnes
 26416 | Spider:1 | Killed Agnes
 26509 | Spider:1 | Reached skill level 10 in Invocations
 27327 | Spider:2 | Reached skill level 15 in Maces & Flails
 27386 | Spider:2 | Reached skill level 1 in Dodging
 27490 | Spider:2 | Reached skill level 15 in Fighting
 28443 | Spider:3 | Reached XP level 17. HP: 81/101 MP: 24/24
 28917 | Shoals:1 | Entered Level 1 of the Shoals
 29043 | Shoals:1 | Reached skill level 17 in Shields
 29165 | Shoals:1 | Found a hide-covered altar of Uskayaw.
 29812 | Shoals:1 | Noticed a kraken
 29825 | Shoals:1 | Killed a kraken
 31390 | Shoals:3 | Reached skill level 5 in Dodging
 32530 | Spider:4 | Entered Level 4 of the Spider Nest
 32891 | Spider:3 | Reached XP level 18. HP: 104/109 MP: 0/25
 33216 | Spider:4 | Reached skill level 18 in Shields
 35559 | Spider:4 | Got a gossamer rune of Zot
 35929 | Shoals:4 | Entered Level 4 of the Shoals
 35973 | Shoals:4 | Paralysed by an air elemental for 1 turns
 35986 | Shoals:4 | Paralysed by an air elemental for 1 turns
 36063 | Shoals:4 | Found a blossoming altar of Fedhas.
 36328 | Shoals:4 | Collided with a water nymph

Illustrated notes

Levels and vault maps discovered:
D:1:      lightli_arrival_quake, layout_basic, serial_shops, shop,
          ebering_ecumenical_altar_webs, corner_web_ring, minmay_lizard_pond
D:2:      layout_loops_ring, serial_undead, serial_undead_f, serial_undead_e,
          serial_undead_f, serial_undead_a
D:3:      layout_basic, mainiacjoe_overflow_surrounded_room,
          nicolae_overflow_hidden_temple, ebering_ghost_sewer_f
D:4:      layout_cave_pods, mainiacjoe_overflow_brackets
D:5:      layout_rooms, uniq_ijyb, uniq_edmund
D:6:      layout_cave_pods, mainiacjoe_overflow_catwalk, serial_shops, shop,
          uniq_pikel
D:7:      layout_loops_corners, minmay_temple_entry_junction_2,
          uniq_prince_ribbit1
D:8:      layout_cave_pools, lair_entry_dummy, chequers_garden,
          nicolae_shop_firing_range, uniq_grum, uniq_erica
D:9:      layout_roguey, serial_shops, nicolae_take_the_stairs, serial_curves,
          eino_curves_02, eino_curves_02, worms_lemuel
D:10:     layout_rooms, nicolae_overflow_crystal_walls, minmay_fire_ice_demons,
          uniq_joseph, uniq_psyche
D:11:     layout_roguey, orc_0_dummy, uniq_maurice
D:12:     layout_basic, ebering_ghost_reflecting_pool, serial_glass,
          glass_columns_c, glass_columns_b
D:13:     layout_loops_corners, grunt_vaults_entry_fortified, st_stairs_4
D:14:     layout_rooms, serial_shops, shop, nicolae_shop_hallway_stairs,
          serial_demonic, serial_demonic_f, serial_demonic_c, serial_demonic_a,
          serial_demonic_c, infiniplex_staircase_zigzag_2,
          biasface_ghost_orc_armoury
D:15:     grunt_enter_depths_giant_problem, layout_loops_ring, bloody_makhleb,
          xom_redecorated
Temple:   bh_familiar_temple
Lair:1:   layout_small_grid, gauntlet_entry_generic, serial_bayou_pond_a,
          beast_lair_carwin_9, grunt_megastairs_2
Lair:2:   layout_concentric_octagons, portal_ice_cave_entry_imps,
          serial_bayou_pond_e, serial_bayou_shore_a
Lair:3:   layout_loops_ring, elwin_shoals_entry_rocks,
          nicolae_spider_entry_orb_guardian, kennysheep_catoblepas_arena
Lair:4:   layout_gridlike, gammafunk_ghost_cemetery, infiniplex_staircase_pool,
          lemuel_fruit_tree, uniq_josephine
Lair:5:   minmay_lair_end_enchanted_forest, layout_regular_city, slime_entry_1,
          uniq_sonja, uniq_nessos
Shoals:1: layout_shoals, regret_index_shoals_crete
Shoals:2: layout_shoals, st_sunken_huts
Shoals:3: nicolae_shoals_island_circles, layout_shoals,
          nicolae_shoals_siren_and_animal_friends
Shoals:4: shoals_end_hellmonk_storm_palace [storm_palace_center_ruins,
          storm_palace_corner_reverse_hut, storm_palace_corner_narrow,
          storm_palace_corner_altar, storm_palace_corner_narrow], serial_shops
Spider:1: layout_spider_delve, uniq_agnes
Spider:2: layout_spider_delve, drop_trap, nicolae_crawler_farm,
          nicolae_spider_cling_halls
Spider:3: layout_spider_delve, spiders_nest_spider_trap
Spider:4: hellmonk_spider_rune_endless_swarm
Orc:1:    layout_caves, serial_shops, shop, guppyfry_library_mini
Orc:2:    grunt_orc_gardens, layout_caves, grunt_orc_garden, grunt_orc_garden,
          grunt_orc_garden, grunt_orc_garden, serial_shops, shop

Skill      XL: |  1  2  3  4  5  6  7  8  9 10 11 12 13 14 15 16 17 18 |
---------------+-------------------------------------------------------+-----
Fighting       | 4 5 7 8 9 11 12 14 15 16 17 | 17.5
Armour         | 4 5 7 8 9 10 | 10.7
Shields        | 4 5 7 8 9 11 12 13 14 15 16 17 18 | 18.8
Maces & Flails | 3 4 6 7 8 9 11 12 13 14 15 16 | 16.0
Evocations     | 1 4 6 7 9 10 | 10.0
Invocations    | 2 6 8 10 | 10.0
Dodging        | 2 5 7 |  7.6

Action                     |  1- 3 |  4- 6 |  7- 9 | 10-12 | 13-15 | 16-18 || total
---------------------------+-------+-------+-------+-------+-------+-------++-------
  Melee: Flail             |   144 |   145 |    91 |       |       |       ||   380
         Morningstar       |       |    33 |   113 |   671 |  1321 |  1413 ||  3551
 Invoke: Recall Ancestor   |       |       |     1 |     3 |     1 |     4 ||     9
         Ancestor Life: He |       |       |       |     1 |       |       ||     1
  Evoke: Wand              |       |     1 |     3 |     1 |       |    81 ||    86
         Lightning rod     |       |       |       |       |       |     1 ||     1
    Use: Scroll            |       |     9 |     6 |     2 |    12 |     8 ||    37
         Potion            |       |     1 |     1 |     5 |     3 |     3 ||    13
   Stab: Paralysed         |       |     4 |       |       |    39 |   124 ||   167
         Distracted        |       |       |       |     7 |    13 |    12 ||    32
         Confused          |       |       |       |     3 |    10 |    15 ||    28
         Petrified         |       |       |       |       |       |     2 ||     2
 Armour: Scale mail        |    57 |    63 |   120 |    50 |       |       ||   290
         Chain mail        |       |       |       |   319 |       |       ||   319
         Troll leather arm |       |       |       |    51 |    29 |       ||    80
         Crystal plate arm |       |       |       |       |   756 |  1364 ||  2120
  Dodge: Dodged            |    54 |    57 |    65 |   247 |   206 |   438 ||  1067
  Block: Buckler           |    58 |    86 |    92 |   410 |   836 |  1168 ||  2650
         Reflection        |       |     1 |     4 |    24 |    33 |    40 ||   102

Table legend: (Time is in decaauts)
 A = Elapsed time spent in this place.
 B = Non-inter-level travel time spent in this place.
 C = Inter-level travel time spent in this place.
 D = Time resting spent in this place.
 E = Time spent auto-exploring this place.
 F = Levels seen in this place.
 G = Mean time per level.
                   A        B        C        D        E       F      G
               +--------+--------+--------+--------+--------+-----+--------+
         Total |  36141 |  33784 |   2357 |   7182 |  13345 |  33 | 1095.2 |
       Dungeon |  15779 |  14451 |   1328 |   1780 |   7365 |  15 | 1051.9 |
        Temple |    208 |    178 |     30 |      0 |    156 |   1 |  208.0 |
          Lair |   6638 |   6065 |    573 |    793 |   2681 |   5 | 1327.6 |
        Shoals |   3850 |   3691 |    159 |    650 |   1511 |   4 |  962.5 |
   Spider Nest |   5975 |   5770 |    205 |   2750 |   1065 |   4 | 1493.8 |
  Orcish Mines |   2541 |   2480 |     61 |    983 |    533 |   2 | 1270.5 |
      Ice Cave |    574 |    574 |      0 |     77 |     33 |   1 |  574.0 |
      Gauntlet |    574 |    574 |      0 |    148 |      0 |   1 |  574.0 |
               +--------+--------+--------+--------+--------+-----+--------+

Top non-repeatable levels by time:
Spider:3: 2473 daAuts
    D:13: 1942 daAuts
  Lair:3: 1797 daAuts
     D:7: 1631 daAuts
   Orc:1: 1532 daAuts
    D:12: 1502 daAuts
  Lair:5: 1401 daAuts
Spider:2: 1399 daAuts
Shoals:1: 1306 daAuts
  Lair:1: 1251 daAuts
Shoals:2: 1198 daAuts
     D:4: 1183 daAuts
Spider:1: 1139 daAuts
     D:6: 1116 daAuts
     D:9: 1115 daAuts
